 Dungeon Crawl Stone Soup version 0.29-a0-297-g7659ce593d (webtiles) character file.

Game seed: 9229221452386017825

2433 Dabor the Stinger (level 9, -9/75 HPs)
             Began as a Naga Venom Mage on Mar 22, 2022.
             Was an Elder of Vehumet.
             Killed from afar by Maggie (26 damage)
             ... with a bolt of fire
             ... on level 6 of the Dungeon.
             The game lasted 00:27:40 (9331 turns).

Dabor the Stinger (Naga Venom Mage)                 Turns: 9331, Time: 00:27:41

Health: -9/75      AC:  8    Str: 10    XL:     9   Next: 48%
Magic:  0/17       EV: 11    Int: 18    God:    Vehumet [****..]
Gold:   262        SH:  0    Dex: 14    Spells: 6/19 levels left

rFire   . . .      SeeInvis +   r - +3 flail
rCold   + . .      Faith    .   (no shield)
rNeg    . . .      Spirit   .   a - +1 robe
rPois   +          Reflect  .   (no helmet)
rElec   .          Harm     .   (no cloak)
rCorr   .          Rampage  .   l - +2 pair of gloves
Will    +....                   (no barding)
Stlth   +++.......              (no amulet)
HPRegen 0.22/turn               g - ring of protection from cold
MPRegen 0.15/turn               (no ring)

@: very slow
A: AC +3, large, see invisible, deformed body, poison resistance, slowness 2,
spit poison 1, naga tail 1
a: Spit Poison, Renounce Religion


You were on level 6 of the Dungeon.
You worshipped Vehumet.
Vehumet was greatly pleased with you.
You visited 1 branch of the dungeon, and saw 6 of its levels.

You collected 262 gold pieces.

Inventory:

Hand Weapons
 r - a +3 flail (weapon)
Missiles
 h - 2 throwing nets
Armour
 a - a +1 robe (worn)
 l - a +2 pair of gloves (worn)
Jewellery
 g - a ring of protection from cold (left hand)
Scrolls
 f - a scroll of vulnerability {unknown}
 j - a scroll of enchant armour
 k - a scroll of summoning
 m - a scroll of blinking
 n - a scroll of amnesia
 p - 2 scrolls of enchant weapon
Potions
 b - a potion of magic
 c - 2 potions of flight
 e - a potion of resistance {unknown}
 i - a potion of lignification {unknown}


   Skills:
 - Level 3.1 Fighting
 - Level 0.1 Armour
 + Level 3.7 Dodging
 + Level 7.0 Stealth
 * Level 5.9 Spellcasting
 + Level 3.6 Conjurations
 + Level 3.6 Transmutations
 - Level 4.0 Air Magic
 * Level 7.5 Poison Magic


You had 6 spell levels left.
You knew the following spells:

 Your Spells              Type           Power      Damage    Failure   Level
a - Sting                 Tmut/Pois      100%       1d8       1%          1
b - Poisonous Vapours     Pois/Air       52%        N/A       1%          2
c - Shock                 Conj/Air       76%        1d7       1%          1
d - Olgreb's Toxic Radia  Pois           32%        N/A       1%          4
e - Irradiate             Conj/Tmut      9%         3d16      19%         5

Your spell library contained the following spells:

 Spells                   Type           Power      Damage    Failure   Level
 Mephitic Cloud           Conj/Pois/Air  23%        N/A       1%          3
 Corpse Rot               Necr/Air       24%        N/A       9%          2
 Slow                     Hex            20%        N/A       12%         1
 Confusing Touch          Hex            5%         N/A       36%         3
 Vampiric Draining        Necr           5%         2d6       36%         3
 Cause Fear               Hex            2%         N/A       77%         4
 Dragon Form              Tmut           9%         N/A       100%        7
 Dragon's Call            Summ           2%         N/A       100%        9


Dungeon Overview and Level Annotations

Branches:
Dungeon (6/15)             Temple (0/1) D:5

Altars:
Vehumet
The Shining One

Annotations:
D:6 Maggie


Innate Abilities, Weirdness & Mutations

Your serpentine skin is tough. (AC +3)
You have supernaturally acute eyesight. (SInv)
Armour fits poorly on your strangely shaped body.
Your system is resistant to poisons. (rPois)
You cover ground very slowly.
You can spit poison.
You have a snake-like lower body.


Message History

Press: ? - help, Shift-Dir - straight line, f/p - Maggie
Aim: Maggie, wielding a +3 long sword of venom and wearing +0 acid dragon scales (heavily wounded, extremely poisoned, 78% to hit)
The sting hits Maggie!
Maggie looks as sick as possible!
Maggie is severely wounded.
Maggie hits you with a +3 long sword of venom.
Casting: Sting (safe; 1% risk of failure)
Confirm with . or Enter, or press ? or * to list all spells.
Aiming: Sting (safe; 1% risk of failure)
Press: ? - help, Shift-Dir - straight line, f/p - Maggie
Aim: Maggie, wielding a +3 long sword of venom and wearing +0 acid dragon scales (severely wounded, extremely poisoned, 78% to hit)
The sting hits Maggie.
Maggie looks as sick as possible!
Maggie is severely wounded.
Maggie hits you with a +3 long sword of venom!
Casting: Sting (safe; 1% risk of failure)
Confirm with . or Enter, or press ? or * to list all spells.
Aiming: Sting (safe; 1% risk of failure)
Press: ? - help, Shift-Dir - straight line, f/p - Maggie
Aim: Maggie, wielding a +3 long sword of venom and wearing +0 acid dragon scales (almost dead, extremely poisoned, 78% to hit)
The sting hits Maggie.
Maggie looks as sick as possible!
Maggie is almost dead.
You have got your breath back.
Maggie hits you with a +3 long sword of venom!
You are poisoned.
Casting: Sting (safe; 1% risk of failure)
Confirm with . or Enter, or press ? or * to list all spells.
Aiming: Sting (safe; 1% risk of failure)
Press: ? - help, Shift-Dir - straight line, f/p - Maggie
Aim: Maggie, wielding a +3 long sword of venom and wearing +0 acid dragon scales (almost dead, extremely poisoned, 78% to hit)
The sting misses Maggie.
You feel very sick.
Maggie hits you with a +3 long sword of venom.
* * * LOW HITPOINT WARNING * * *
You feel better.
Maggie hits you with a +3 long sword of venom!
* * * LOW HITPOINT WARNING * * *
An orc comes into view. It is wielding a +0 whip.
You don't have enough magic to cast this spell.
Maggie points at you and mumbles some strange words.
The bolt of fire hits you!!
You die...

########(#
.....#####
#.......<#
#.....#
#........#
#.....#
#........#
#.....#
#.......##
.......#
#.......#####..#
#.......#.....###
#................
#########@######.
#@# #)# #)#
#.)....o...
......######.
....##.## ... #.
.. ..


You could see Maggie (extremely poisoned).

Vanquished Creatures
  Eustachio (D:5)
  A steam dragon (D:4)
  3 sky beasts
  A black bear (D:5)
  2 ogres (D:5)
  A phantom (D:5)
  A bullfrog (D:5)
  2 kobold brigands (D:6)
  A gnoll sergeant (D:5)
  2 scorpions
  5 wights
  A howler monkey (D:4)
  6 hounds
  2 orc priests
  4 iguanas
  Jessica (D:2)
  Natasha (thrice) (D:4)
  4 orc wizards
  5 gnolls (D:5)
  8 adders
  10 river rats (D:5)
  A shadow imp (D:6)
  2 white imps (D:4)
  A worm (D:2)
  5 dart slugs
  12 orcs
  8 endoplasms
  3 giant cockroaches
  5 goblins
  5 hobgoblins
  8 jackals
  15 kobolds
  10 quokkas
  6 ball pythons
  2 bats
  2 goblin skeletons (D:4)
  5 hobgoblin zombies (D:4)
  A kobold zombie (D:4)
  2 orc zombies (D:4)
  21 rats
178 creatures vanquished.

Vanquished Creatures (others)
  18 plants
18 creatures vanquished.

Grand Total: 196 creatures vanquished

Notes
Turn   | Place    | Note
-------+----------+-------------------------------------------
     0 | D:1      | Dabor the Naga Venom Mage began the quest for the Orb.
     0 | D:1      | Reached XP level 1. HP: 15/15 MP: 3/3
   485 | D:1      | Reached XP level 2. HP: 22/22 MP: 5/5
   623 | D:1      | Learned a level 2 spell: Poisonous Vapours
  1460 | D:2      | Reached XP level 3. HP: 21/28 MP: 2/7
  1558 | D:2      | Found a faded altar of an unknown god.
  1568 | D:2      | Prayed at the altar of an unknown god.
  1568 | D:2      | Became a worshipper of Vehumet
  1568 | D:2      | Reached * piety under Vehumet
  1568 | D:2      | Offered knowledge of Shock by Vehumet.
  1574 | D:2      | Learned a level 1 spell: Shock
  2106 | D:2      | Noticed Jessica
  2115 | D:2      | Killed Jessica
  2116 | D:2      | Reached skill level 1 in Air Magic
  2116 | D:2      | Reached XP level 4. HP: 37/37 MP: 0/8
  3019 | D:3      | Reached XP level 5. HP: 43/43 MP: 6/9
  3238 | D:3      | Reached ** piety under Vehumet
  3238 | D:3      | Offered knowledge of Foxfire by Vehumet.
  3521 | D:3      | Learned a level 4 spell: Olgreb's Toxic Radiance
  3522 | D:3      | Reached skill level 1 in Fighting
  3548 | D:4      | Found a glowing golden altar of the Shining One.
  3750 | D:4      | Noticed Natasha
  3755 | D:4      | Killed Natasha
  3814 | D:4      | Reached skill level 1 in Conjurations
  3993 | D:4      | Reached XP level 6. HP: 51/51 MP: 11/11
  4060 | D:4      | Noticed Natasha
  4067 | D:4      | Killed Natasha
  4067 | D:4      | Offered knowledge of Conjure Flame by Vehumet.
  4548 | D:4      | Noticed Natasha
  4555 | D:4      | Killed Natasha
  4683 | D:4      | Reached *** piety under Vehumet
  5386 | D:5      | Entered Level 5 of the Dungeon
  5396 | D:5      | Reached skill level 5 in Poison Magic
  5439 | D:5      | Noticed a steam dragon
  5451 | D:4      | HP: 1/52 [steam dragon/ball of steam (16)]
  5457 | D:4      | HP: 2/52 [something/ball of steam (7)]
  5462 | D:4      | Killed a steam dragon
  5463 | D:4      | Reached XP level 7. HP: 3/58 MP: 1/12
  5900 | D:5      | Reached skill level 5 in Stealth
  6097 | D:5      | Reached XP level 8. HP: 50/68 MP: 1/14
  6295 | D:5      | Offered knowledge of Dazzling Flash by Vehumet.
  6968 | D:5      | Reached **** piety under Vehumet
  7233 | D:5      | Found a staircase to the Ecumenical Temple.
  7280 | D:5      | Reached skill level 5 in Spellcasting
  7898 | D:5      | Offered knowledge of Irradiate by Vehumet.
  7905 | D:5      | Learned a level 5 spell: Irradiate
  8115 | D:6      | Noticed Eustachio
  8128 | D:5      | Killed Eustachio
  8129 | D:5      | Reached XP level 9. HP: 59/75 MP: 2/17
  9315 | D:6      | Noticed Maggie
  9331 | D:6      | Killed from afar by Maggie

Illustrated notes

Levels and vault maps discovered:
D:1:      dpeg_cavernosity, layout_basic, serial_bayou_pond_c
D:2:      layout_rooms, hellmonk_ecumenical_altar_run_dry,
          guppyfry_early_lair_pool, uniq_jessica
D:3:      wad_lake_hut, layout_rooms, nicolae_grassy_gnolls
D:4:      minmay_razor_zed, layout_loops_ring, nicolae_tso_besieged_by_evil,
          uniq_natasha
D:5:      lemuel_ratsnest, layout_loops_ring, temple_hall
D:6:      layout_rooms, serial_shops, shop, chequers_serial_rivers_marsh,
          kennysheep_decorative_pillar, minmay_unpleasant_kobolds,
          uniq_eustachio, uniq_maggie

Skill      XL: |  1  2  3  4  5  6  7  8  9 |
---------------+----------------------------+-----
Spellcasting   | 3 4 5 |  5.9
Air Magic      | 1 2 3 4 |  4.0
Dodging        | 2 3 |  3.7
Fighting       | 1 2 3 |  3.1
Stealth        | 4 5 6 7 |  7.0
Conjurations   | 1 2 3 |  3.6
Transmutations | 2 3 |  3.6
Poison Magic   | 5 6 7 |  7.5
Armour         | |  0.1

Action                   |  1- 3 |  4- 6 |  7- 9 || total
-------------------------+-------+-------+-------++-------
Melee: Unarmed           |    35 |     9 |     4 ||    48
       Flail             |       |       |     6 ||     6
 Cast: Sting             |    37 |    62 |    63 ||   162
       Shock             |    14 |    99 |   103 ||   216
       Poisonous Vapours |     2 |     1 |       ||     3
       Olgreb's Toxic Ra |       |     4 |    42 ||    46
 Abil: Spit Poison       |    12 |    17 |    13 ||    42
  Use: Scroll            |     2 |     5 |     3 ||    10
       Potion            |       |     1 |     6 ||     7
 Stab: Sleeping          |     1 |       |       ||     1
Armor: Robe              |     1 |    56 |    38 ||    95
Dodge: Dodged            |    23 |    57 |    62 ||   142

Table legend: (Time is in decaauts)
 A = Elapsed time spent in this place.
 B = Non-inter-level travel time spent in this place.
 C = Inter-level travel time spent in this place.
 D = Time resting spent in this place.
 E = Time spent auto-exploring this place.
 F = Levels seen in this place.
 G = Mean time per level.
                   A        B        C        D        E       F      G
               +--------+--------+--------+--------+--------+-----+--------+
         Total |  10769 |   9948 |    821 |   2194 |   6243 |   6 | 1794.8 |
       Dungeon |  10769 |   9948 |    821 |   2194 |   6243 |   6 | 1794.8 |
               +--------+--------+--------+--------+--------+-----+--------+

Top non-repeatable levels by time:
     D:5: 3505 daAuts
     D:4: 2542 daAuts
     D:1: 1960 daAuts
     D:2: 1722 daAuts
     D:6: 589 daAuts
     D:3: 448 daAuts
